 Dungeon Sprint DCSS version 0.19-a0-1049-g462a813 (webtiles) character file.

7574 poirepourri the Warrior (level 11, -13/83 HPs)
             Began as a Gargoyle Fighter on July 31, 2016.
             Was an Initiate of Ru.
             Mangled by a stone giant (20 damage)
             ... in the Dungeon (Sprint IX: "|||||||||||||||||||||||||||||").
             The game lasted 00:05:54 (1539 turns).

poirepourri the Warrior (Gargoyle Fighter)          Turns: 1539, Time: 00:05:55

Health: -13/83     AC: 28    Str: 22    XL:     11   Next: 17%
Magic:  12/12      EV:  9    Int: 10    God:    Ru [......]
Gold:   650        SH: 12    Dex:  9    Spells: 0 memorised, 10 levels left

rFire  . . .     SeeInvis .     t - +2 morningstar (crush)
rCold  . . .     Gourm    .     s - +0 plate armour
rNeg   + . .     Faith    .     c - +0 shield
rPois  ∞         Spirit   .     e - +0 helmet
rElec  +         Dismiss  .     o - +1 cloak
rCorr  .         Reflect  .     p - +1 pair of gloves
SustAt .         Harm     .     (no boots)
MR     .....     NoTele   +     (no amulet)
Stlth  ..........               (no ring)
                                (no ring)

@: not resistant to hostile enchantments, extremely unstealthy
A: negative energy resistance 1, electricity resistance, unbreathing,
petrification resistance, rot immunity, disrupted magic 1, AC +7
a: Sacrifice Resistance, Sacrifice Artifice, Sacrifice an Eye, Reject
Sacrifices, Renounce Religion


You were in the Dungeon.
You worshipped Ru.
Ru was noncommittal.
You were hungry.

You visited 1 branch You collected 650 gold pieces.

Inventory:

Hand Weapons
 a - a +0 flail
 t - a +2 morningstar of crushing (weapon)
Missiles
 z - 15 bolts
Armour
 b - a +0 scale mail
 c - a +0 shield (worn)
 e - a +0 helmet (worn)
 o - a +1 cloak (worn)
 p - a +1 pair of gloves (worn)
 s - a +0 plate armour (worn)
Jewellery
 q - a +2 ring of evasion
 r - a +3 ring of dexterity
Wands
 n - a wand of lightning (6/15)
Scrolls
 k - 2 scrolls of blinking
 m - 2 scrolls of amnesia
 A - 2 scrolls of identify
Potions
 d - a potion of invisibility
 i - 4 potions of magic
 j - a potion of berserk rage
 u - 2 potions of resistance
 v - a potion of brilliance
Miscellaneous
 y - a lamp of fire
Comestibles
 f - 40 fruits
 g - 12 bread rations
 h - 12 meat rations


   Skills:
 + Level 16.1 Fighting
 + Level 14.3 Maces & Flails
 + Level 10.9 Armour
 + Level 7.6 Dodging
 + Level 11.2 Shields
 + Level 1.5 Evocations


You had 10 spell levels left.
You didn't know any spells.

Dungeon Overview and Level Annotations

Branches:
Dungeon (1/1)

Altars:
Cheibriados
Dithmenos
Elyvilon
Fedhas
Gozag
Hepliaklqana
Kikubaaqudgha
Makhleb
Nemelex Xobeh
Okawaru
Pakellas
Qazlal
Ru
Sif Muna
Trog
Uskayaw
Vehumet
Xom
Yredelemnul
Zin
The Shining One
Beogh
Jiyva
Lugonu

Annotations:
D Maurice


Innate Abilities, Weirdness & Mutations

You are resistant to torment.
Your stone body is resilient. (AC +7)
You are immune to poison.
You resist negative energy. (rN+)
You are resistant to electric shocks. (rElec)
You can survive without breathing.
You are immune to petrification.
You are immune to rotting.
Your casting is slightly disrupted.


Message History

The stone giant is heavily wounded.
You block the stone giant's attack.
You hit the stone giant but do no damage.
The stone giant is heavily wounded.
You block the stone giant's attack.
You puncture the stone giant!
The stone giant is severely wounded.
You hit the stone giant but do no damage.
The stone giant is severely wounded.
The stone giant hits you!
You puncture the stone giant!
The stone giant is severely wounded.
The stone giant hits you!!
* * * LOW HITPOINT WARNING * * *
You hit the stone giant.
The stone giant is almost dead.
The stone giant hits you!
* * * LOW HITPOINT WARNING * * *
You feel better. The stone giant hits you!!
You die...

▓▓▓▓▓▓▓▓▓▓▓▓▓▓▓▓▓▓▓▓▓▓▓▓
...'))..).).....@Coooooo
▓▓▓▓▓▓▓▓▓▓▓▓▓▓▓▓▓▓▓▓▓▓▓▓▓▓▓▓▓▓▓▓▓
.)...............................
▓▓▓▓▓▓▓▓▓▓▓▓▓▓▓▓▓▓▓▓▓▓▓▓▓▓▓▓▓▓▓▓▓
.....?.....†.........'÷÷.......††
▓▓▓▓▓▓▓▓▓▓▓▓▓▓▓▓▓▓▓▓▓▓▓▓▓▓▓▓▓▓▓▓▓
.................................
▓▓▓▓▓▓▓▓▓▓▓▓▓▓▓▓▓▓▓▓▓▓▓▓▓▓▓▓▓▓▓▓▓
).....'________________________'.


You could see a stone giant and 6 orc warriors.

Vanquished Creatures
  Josephine (D)
  A death yak (D)
  An orc sorcerer (D)
  3 spiny frogs (D)
  2 komodo dragons (D)
  A rime drake (D)
  An efreet (D)
  A troll (D)
  2 giant leeches (D)
  A blink frog (D)
  A yak (D)
  4 wraiths (D)
  3 vampire mosquitoes (D)
  A hippogriff (D)
  2 water moccasins (D)
  4 porcupines (D)
  6 orc warriors (D)
  A wasp (D)
  A centaur (D)
  3 giant frogs (D)
  2 scorpions (D)
  2 orc priests (D)
  2 iguanas (D)
  3 orc wizards (D)
  2 worker ants (D)
  An adder (D)
  3 river rats (D)
  An adder skeleton (D)
  5 orcs (D)
  A ball python (D)
  A bat skeleton (D)
  A bat (D)
  A giant newt (D)
  2 rats (D)
67 creatures vanquished.

Notes
Turn   | Place    | Note
-------+----------+-------------------------------------------
     0 | D        | poirepourri the Gargoyle Fighter began the quest for the Orb.
     0 | D        | Reached XP level 1. HP: 14/14 MP: 1/1
     5 | D        | Reached skill level 4 in Fighting
    28 | D        | Noticed a scorpion
    28 | D        | Noticed an iguana
    28 | D        | Noticed a scorpion
    28 | D        | Noticed an orc wizard
    42 | D        | Killed a scorpion
    42 | D        | Reached skill level 7 in Fighting
    42 | D        | Reached XP level 2. HP: 9/24 MP: 2/2
    42 | D        | Reached XP level 3. HP: 11/28 MP: 3/3
    44 | D        | Reached skill level 8 in Fighting
    44 | D        | Reached XP level 4. HP: 14/35 MP: 4/4
    47 | D        | Reached skill level 9 in Fighting
    47 | D        | Reached XP level 5. HP: 15/41 MP: 5/5
    51 | D        | Reached skill level 5 in Maces & Flails
   160 | D        | Found a glowing silver altar of Zin.
   160 | D        | Found a glowing golden altar of the Shining One.
   160 | D        | Found an ancient bone altar of Kikubaaqudgha.
   160 | D        | Found a basalt altar of Yredelemnul.
   160 | D        | Found a shimmering altar of Xom.
   160 | D        | Found a radiant altar of Vehumet.
   161 | D        | Found an iron altar of Okawaru.
   162 | D        | Found a burning altar of Makhleb.
   163 | D        | Found a deep blue altar of Sif Muna.
   164 | D        | Found a bloodstained altar of Trog.
   165 | D        | Found a sparkling altar of Nemelex Xobeh.
   166 | D        | Found a white marble altar of Elyvilon.
   167 | D        | Found a roughly hewn altar of Beogh.
   168 | D        | Found a viscous altar of Jiyva.
   169 | D        | Found a corrupted altar of Lugonu.
   170 | D        | Found a blossoming altar of Fedhas.
   177 | D        | Found a snail-covered altar of Cheibriados.
   178 | D        | Found a shadowy altar of Dithmenos.
   179 | D        | Found a stormy altar of Qazlal.
   180 | D        | Found an opulent altar of Gozag.
   181 | D        | Found a sacrificial altar of Ru.
   182 | D        | Found an oddly glowing altar of Pakellas.
   183 | D        | Found a hide-covered altar of Uskayaw.
   184 | D        | Found a hazy altar of Hepliaklqana.
   223 | D        | Became a worshipper of Ru the Awakened
   284 | D        | Noticed an orc warrior
   284 | D        | Noticed a troll
   284 | D        | Noticed a centaur
   295 | D        | Killed an orc warrior
   295 | D        | Reached skill level 10 in Fighting
   295 | D        | Reached XP level 6. HP: 48/48 MP: 6/6
   297 | D        | Reached skill level 11 in Fighting
   303 | D        | Killed a troll
   303 | D        | Reached skill level 12 in Fighting
   303 | D        | Reached skill level 5 in Dodging
   303 | D        | Reached XP level 7. HP: 55/56 MP: 7/7
   418 | D        | Noticed a hippogriff
   418 | D        | Noticed an efreet
   423 | D        | Reached skill level 13 in Fighting
   432 | D        | Killed a hippogriff
   443 | D        | Killed an efreet
   443 | D        | Reached skill level 5 in Shields
   443 | D        | Reached XP level 8. HP: 40/63 MP: 8/8
   447 | D        | Reached skill level 5 in Armour
   675 | D        | Noticed a spiny frog
   675 | D        | Noticed a yak
   683 | D        | Killed a spiny frog
   690 | D        | Noticed a komodo dragon
   693 | D        | Reached skill level 10 in Maces & Flails
   701 | D        | Reached skill level 14 in Fighting
   701 | D        | Reached XP level 9. HP: 44/69 MP: 9/9
   734 | D        | Killed a komodo dragon
   836 | D        | Noticed a rime drake
   836 | D        | Noticed a death yak
   841 | D        | Noticed a komodo dragon
   850 | D        | Killed a death yak
   852 | D        | Killed a rime drake
   852 | D        | Reached XP level 10. HP: 69/76 MP: 10/10
   858 | D        | Reached skill level 15 in Fighting
   872 | D        | Reached skill level 10 in Shields
  1076 | D        | Noticed a spiny frog
  1076 | D        | Noticed a spiny frog
  1109 | D        | Killed a spiny frog
  1111 | D        | Killed a spiny frog
  1168 | D        | Gained mutation: Your casting is slightly disrupted. [Ru sacrifice]
  1370 | D        | Noticed Maurice
  1397 | D        | Noticed Josephine
  1406 | D        | Killed Josephine
  1406 | D        | Reached skill level 10 in Armour
  1406 | D        | Reached skill level 1 in Evocations
  1415 | D        | Reached XP level 11. HP: 83/83 MP: 11/11
  1459 | D        | Reached skill level 16 in Fighting
  1518 | D        | Noticed an orc sorcerer
  1518 | D        | Noticed a stone giant
  1523 | D        | Killed an orc sorcerer
  1538 | D        | HP: 1/83 [stone giant (8)]
  1539 | D        | Mangled by a stone giant

Vault maps used:
D:        linesprint

Skill      XL: |  1  2  3  4  5  6  7  8  9 10 11 |
---------------+----------------------------------+-----
Fighting       | 7 8 9 10 12 13 14 15 16 | 16.1
Maces & Flails | 3 4 6 7 9 10 12 13 14 | 14.3
Dodging        | 2 3 4 5 6 7 |  7.6
Armour         | 4 6 7 10 | 10.9
Shields        | 5 7 9 11 | 11.2
Evocations     | 1 |  1.5

Action                   |  1- 3 |  4- 6 |  7- 9 | 10-12 || total
-------------------------+-------+-------+-------+-------++-------
Melee: Flail             |    32 |     7 |       |       ||    39
       Morningstar       |       |    17 |   114 |   151 ||   282
Invok: Sacrifice Essence |       |       |       |     1 ||     1
Evoke: Wand              |       |       |       |     1 ||     1
       Lamp of fire      |       |       |       |     1 ||     1
  Use: Potion            |     2 |     1 |     1 |    11 ||    15
       Scroll            |       |       |     4 |       ||     4
  Eat: Bread ration      |       |       |     1 |       ||     1
Armor: Scale mail        |    21 |     2 |       |       ||    23
       Plate armour      |       |     5 |    65 |    48 ||   118
Dodge: Dodged            |    12 |     3 |    23 |    18 ||    56
Block: Shield            |    14 |    13 |    55 |    43 ||   125
